 Dungeon Crawl Stone Soup version 0.30-a0-223-gcb0039aa0c (webtiles) character file.

Game seed: 14671867164779104769

307 bande the Covered (level 6, -3/38 HPs)
             Began as a Gargoyle Fighter on Oct 9, 2022.
             Slain by a gnoll
             ... wielding a +0 halberd
              (8 damage)
             ... on level 4 of the Dungeon.
             The game lasted 00:06:18 (3054 turns).

bande the Covered (Gargoyle Fighter)                Turns: 3054, Time: 00:06:19

Health: -3/38      AC: 15    Str: 19    XL:     6   Next: 40%
Magic:  6/6        EV:  9    Int:  9    God:
Gold:   232        SH:  4    Dex: 11    Spells: 5/5 levels left

rFire   . . .      SeeInvis .    a - +1 war axe
rCold   . . .      Faith    .    c - +0 buckler
rNeg    + . .      Spirit   .    b - +0 scale mail
rPois   ∞          Reflect  .    (no helmet)
rElec   +          Harm     .    o - +0 cloak
rCorr   .          Rampage  .    p - +1 pair of gloves
Will    +....                    (no boots)
Stlth   ..........               (no amulet)
HPRegen 0.26/turn                (no ring)
MPRegen 0.10/turn                (no ring)

@: mighty
A: sickness immunity, AC +4, negative energy resistance 1, electricity
resistance, torment resistance 1, petrification resistance, strong-willed 1,
wild magic 1
a: no special abilities


You were on level 4 of the Dungeon.
You visited 1 branch of the dungeon, and saw 4 of its levels.

You collected 232 gold pieces.

Inventory:

Hand Weapons
 a - a +1 war axe (weapon)
 i - a +0 flail
Armour
 b - a +0 scale mail (worn)
 c - a +0 buckler (worn)
 o - a +0 cloak (worn)
 p - a +1 pair of gloves (worn)
Jewellery
 k - a ring of ice
Wands
 l - a wand of paralysis (22)
Scrolls
 f - a scroll of amnesia
 h - 4 scrolls of teleportation
Potions
 d - a potion of might
 e - 2 potions of brilliance
 g - a potion of lignification
 j - a potion of curing {unknown}
 m - a potion of ambrosia {unknown}


   Skills:
 + Level 4.2 Fighting
 + Level 4.1 Axes
 + Level 4.6 Armour
 + Level 3.8 Shields
 * Level 1.2 Evocations


You had 5 spell levels left.
You didn't know any spells.
Your spell library contained the following spells:

 Spells                   Type           Power      Damage    Failure   Level
 Slow                     Hex            0%         N/A       88%         1
 Sting                    Tmut/Pois      0%         1d3       88%         1
 Poisonous Vapours        Pois/Air       0%         N/A       95%         2
 Confusing Touch          Hex            0%         N/A       99%         3
 Vampiric Draining        Necr           0%         2d6       99%         3
 Olgreb's Toxic Radiance  Pois           0%         N/A       100%        4


Dungeon Overview and Level Annotations

Branches:
Dungeon (4/15)
 Temple: D:4-7

Altars:
Gozag


Innate Abilities, Weirdness & Mutations

You are immune to sickness and miasma.
Your stone body is resilient. (AC +4)
You are immune to poison.
You resist negative energy. (rN+)
You are resistant to electric shocks. (rElec)
You are resistant to unholy torment.
You are immune to petrification.
You are strong-willed. (Will+)
Your spells are a little harder to cast, but a little more powerful.


Message History

The ufetubus hits you but does no damage.
The gnoll throws a throwing net.
The throwing net barely misses you. The goblin attacks as you move away!
The goblin closely misses you. The ufetubus closely misses you.
The ufetubus hits you but does no damage.
You feel very mighty all of a sudden. You block the ufetubus's attack.
The ufetubus barely misses you. The goblin hits you but does no damage.
The ufetubus hits you but does no damage. x2
Unknown command.
You slash the ufetubus!
You kill the ufetubus!
You slash the goblin!
You kill the goblin!
The gnoll closely misses you. The gnoll hits you but does no damage.
The gnoll barely misses you.
Unknown command.
You closely miss the gnoll. You slash the gnoll!
The gnoll hits you with a +0 whip. The gnoll barely misses you.
You block the gnoll's attack.
Unknown command.
The gnoll barely misses you. You block the gnoll's attack.
The gnoll hits you but does no damage. The gnoll barely misses you.
You barely miss the gnoll. You hit the gnoll. You closely miss the gnoll.
You slash the gnoll! The gnoll hits you but does no damage.
The gnoll closely misses you. x2; The gnoll barely misses you.
Unknown command.
You closely miss the gnoll. You barely miss the gnoll. You slash the gnoll!
You kill the gnoll!
You closely miss the gnoll. The gnoll hits you but does no damage.
You block the gnoll's attack. The gnoll hits you but does no damage.
The gnoll closely misses you. The gnoll hits you but does no damage.
The gnoll hits you with a +0 halberd!
* * * LOW HITPOINT WARNING * * *
You barely miss the gnoll. You slash the gnoll!
You kill the gnoll!
You slash the gnoll!
You kill the gnoll!
The gnoll hits you with a +0 halberd!
You die...

#..g.....#
###+##'########
.......g.#....######+##
.......g.#.##.........#
........g#.##.........#
.........#g##.........#
.........g.##...[.....#
.........####..)g.....#
.........# #..)@)....#
.........# ##.)......#
.........# #........#
###+###### #....(...#
###+####### #?...."..#
..........# #........#
........#+#############
...............#
...............#


You could see a gnoll.

Vanquished Creatures
  A scorpion (D:4)
  A hound (D:3)
  Crazy Yiuf (D:3)
  An orc wizard (D:3)
  6 gnolls
  2 adders
  An ufetubus (D:4)
  6 dart slugs
  10 orcs
  5 endoplasms
  2 giant cockroaches (D:4)
  6 goblins
  10 hobgoblins
  A quokka (D:3)
  2 ball pythons
  7 bats
  4 frilled lizards
  9 kobolds
  7 rats
82 creatures vanquished.

Notes
Turn   | Place    | Note
-------+----------+-------------------------------------------
     0 | D:1      | bande the Gargoyle Fighter began the quest for the Orb.
     0 | D:1      | Reached XP level 1. HP: 14/14 MP: 1/1
   122 | D:1      | Reached XP level 2. HP: 18/19 MP: 2/2
   311 | D:1      | Found a faded altar of an unknown god.
   576 | D:1      | Reached XP level 3. HP: 23/23 MP: 3/3
   754 | D:2      | Gained mutation: You have hidden genetic defects. [potion
                  | of mutation]
   754 | D:2      | Gained mutation: Your body sometimes deteriorates upon
                  | taking damage. [potion of mutation]
   754 | D:2      | Gained mutation: You are partially covered in iridescent
                  | scales. (AC +2) [potion of mutation]
   755 | D:2      | Lost mutation: You have hidden genetic defects. [potion of
                  | mutation]
   755 | D:2      | Lost mutation: Your body sometimes deteriorates upon taking
                  | damage. [potion of mutation]
   755 | D:2      | Lost mutation: You are partially covered in iridescent
                  | scales. (AC +2) [potion of mutation]
   755 | D:2      | Gained mutation: You expend magic power (3 MP) to
                  | strengthen your wands. [potion of mutation]
   755 | D:2      | Gained mutation: Your flesh is heat resistant. (rF+)
                  | [potion of mutation]
   755 | D:2      | Gained mutation: You have hidden genetic defects. [potion
                  | of mutation]
   756 | D:2      | Lost mutation: You have hidden genetic defects. [potion of
                  | mutation]
   756 | D:2      | Lost mutation: You expend magic power (3 MP) to strengthen
                  | your wands. [potion of mutation]
   756 | D:2      | Lost mutation: Your flesh is heat resistant. (rF+) [potion
                  | of mutation]
   756 | D:2      | Gained mutation: You are strong-willed. (Will+) [potion of
                  | mutation]
   756 | D:2      | Gained mutation: Your spells are a little harder to cast,
                  | but a little more powerful. [potion of mutation]
  1222 | D:2      | Reached XP level 4. HP: 21/29 MP: 4/4
  1612 | D:3      | Reached XP level 5. HP: 13/33 MP: 5/5
  1908 | D:3      | Found an opulent altar of Gozag.
  2141 | D:3      | Found a runed translucent door.
  2142 | D:3      | Noticed Crazy Yiuf
  2677 | D:3      | Killed Crazy Yiuf
  2925 | D:4      | Reached XP level 6. HP: 30/38 MP: 6/6
  2974 | D:4      | Reached skill level 1 in Evocations
  3054 | D:4      | Slain by a gnoll

Illustrated notes

Levels and vault maps discovered:
D:1:      dpeg_arrival_rhombi, layout_basic, chequers_ecumenical_altar_island,
          minmay_pentomino_o4
D:2:      layout_rooms
D:3:      layout_basic, nicolae_gozag_seed_capital,
          minmay_randomly_rotated_circles, uniq_crazy_yiuf_cottage
D:4:      layout_basic, serial_corexii_hall, corexii_hall_statues_i,
          chequers_hall_statues_wall_a, patterned_corridor

Skill      XL: |  1  2  3  4  5  6 |
---------------+-------------------+-----
Axes           | 2 3 4 |  4.1
Armour         | 4 |  4.6
Fighting       | 4 |  4.2
Evocations     | 1 |  1.2
Shields        | |  3.8

Action                   |  1- 3 |  4- 6 || total
-------------------------+-------+-------++-------
Melee: War axe           |   101 |   107 ||   208
  Use: Scroll            |     4 |     4 ||     8
       Potion            |     3 |     1 ||     4
Armor: Scale mail        |    67 |    76 ||   143
Dodge: Dodged            |    65 |    74 ||   139
Block: Buckler           |    33 |    44 ||    77

Table legend: (Time is in decaauts)
 A = Elapsed time spent in this place.
 B = Non-inter-level travel time spent in this place.
 C = Inter-level travel time spent in this place.
 D = Time resting spent in this place.
 E = Time spent auto-exploring this place.
 F = Levels seen in this place.
 G = Mean time per level.
                   A        B        C        D        E       F      G
               +--------+--------+--------+--------+--------+-----+--------+
         Total |   3131 |   3019 |    112 |    511 |   1698 |   4 |  782.8 |
       Dungeon |   3131 |   3019 |    112 |    511 |   1698 |   4 |  782.8 |
               +--------+--------+--------+--------+--------+-----+--------+

Top non-repeatable levels by time:
     D:3: 1406 daAuts
     D:2: 816 daAuts
     D:1: 745 daAuts
     D:4: 163 daAuts
